[Event "Turkish Club Cup 2019"]
[Site "Konya"]
[Date "2019.07.18"]
[Round "5"]
[White "Sarac, Ayca"]
[Black "Alev, Gonulden Seda"]
[Result "0-1"]
[ECO "D36"]
[WhiteElo "1142"]
[BlackElo "1579"]
[Annotator "NA"]
[PlyCount "70"]
[EventDate "2019.07.16"]
[EventType "team-tourn"]
[EventCountry "TUR"]
[SourceTitle "playchess.com"]
[Source "ChessBase"]
[SourceQuality "1"]
[TimeControl "5400+30"]

1. d4 Nf6 2. c4 e6 3. Nc3 d5 4. cxd5 exd5 5. Bg5 c6 6. Qc2 g6 7. e3 h6 8. Bh4 Bf5 9. Bd3 Bxd3 10. Qxd3 Nbd7 11. Nf3 Bd6 12. Bg3 Qc7 13. Bxd6 Qxd6 14. h3 O-O-O 15. Rc1 Kb8 16. O-O Rde8 17. Qc2 Ne4 18. a4 g5 19. a5 f5 20. Na4 h5 21. Nc5 Ndxc5 22. dxc5 Qc7 23. Nd4 Qd7 24. f3 Ng3 25. Rfe1 h4 26. Qa4 a6 27. Rc2 g4 28. fxg4 fxg4 29. hxg4 Re4 30. Rf2 Rxg4 31. Qd1 h3 32. Nf3 hxg2 33. Rxg2 Rh1+ 34. Kf2 Ne4+ 35. Ke2 Rxg2+ 0-1

[Event "Turkish Club Cup 2019"]
[Site "Konya"]
[Date "2019.07.19"]
[Round "6"]
[White "Dogan, Ali Ekber"]
[Black "Mecit, Emre"]
[Result "1/2-1/2"]
[ECO "A58"]
[WhiteElo "2200"]
[BlackElo "2065"]
[Annotator "NA"]
[PlyCount "31"]
[EventDate "2019.07.16"]
[EventType "team-tourn"]
[EventCountry "TUR"]
[SourceTitle "playchess.com"]
[Source "ChessBase"]
[SourceQuality "1"]
[TimeControl "5400+30"]

1. d4 Nf6 2. c4 c5 3. d5 b5 4. cxb5 a6 5. bxa6 g6 6. g3 d6 7. Bg2 Bg7 8. Nc3 O-O 9. Nf3 Nfd7 10. O-O Nb6 $14 11. Bd2 Nc4 12. Be1 Nxa6 13. Qb3 Na5 14. Qd1 Nc4 15. Qb3 Na5 16. Qd1 1/2-1/2

[Event "Turkish Club Cup 2019"]
[Site "Konya"]
[Date "2019.07.19"]
[Round "6"]
[White "Gokcek, Kursat Bugra"]
[Black "Guven, Oguz Kagan"]
[Result "1/2-1/2"]
[ECO "D02"]
[WhiteElo "2150"]
[BlackElo "2142"]
[Annotator "NA"]
[PlyCount "62"]
[EventDate "2019.07.16"]
[EventType "team-tourn"]
[EventCountry "TUR"]
[SourceTitle "playchess.com"]
[Source "ChessBase"]
[SourceQuality "1"]
[TimeControl "5400+30"]

1. d4 Nf6 2. Bf4 d5 3. e3 g6 4. Nd2 Bg7 5. Ngf3 O-O 6. Be2 c5 7. c3 Nc6 8. Ne5 Nd7 9. Nxc6 bxc6 10. O-O cxd4 11. exd4 e5 12. dxe5 Nxe5 13. Nf3 Nxf3+ 14. Bxf3 Qb6 15. Qd2 a5 16. Rfe1 Be6 17. h4 Rfd8 18. Be5 d4 19. Bxg7 Kxg7 20. h5 Qc5 21. cxd4 Rxd4 22. Qe3 Rc4 23. Qxc5 Rxc5 24. hxg6 hxg6 25. Rec1 Rxc1+ 26. Rxc1 Bxa2 27. Rxc6 Rb8 28. Ra6 Rb5 29. b4 Rxb4 30. Rxa5 Be6 31. Ra7 Rd4 1/2-1/2

[Event "Turkish Club Cup 2019"]
[Site "Konya"]
[Date "2019.07.19"]
[Round "6"]
[White "Gulden, Egemen"]
[Black "Subasi, Cagrican"]
[Result "0-1"]
[ECO "C06"]
[WhiteElo "2135"]
[BlackElo "1871"]
[Annotator "NA"]
[PlyCount "110"]
[EventDate "2019.07.16"]
[EventType "team-tourn"]
[EventCountry "TUR"]
[SourceTitle "playchess.com"]
[Source "ChessBase"]
[SourceQuality "1"]
[TimeControl "5400+30"]

1. e4 e6 2. d4 d5 3. Nd2 Nf6 4. e5 Nfd7 5. Bd3 c5 6. c3 Nc6 7. Ne2 cxd4 8. cxd4 f6 9. exf6 Nxf6 10. O-O Bd6 11. f4 Qb6 12. Nf3 O-O 13. Kh1 Bd7 14. Ne5 Bxe5 15. fxe5 Ne4 16. Bf4 Nb4 17. Bxe4 dxe4 18. b3 Bb5 19. a4 Bd3 20. Qd2 Nd5 21. Bg3 Qxb3 22. Kg1 Rxf1+ 23. Rxf1 Qxa4 24. Re1 Rc8 25. Nc1 Rc2 26. Qg5 Qxd4+ 27. Kh1 Rc8 28. h4 e3 29. h5 h6 30. Nb3 Qc4 31. Qh4 Qxh4+ 32. Bxh4 Rc4 33. Bg3 b6 34. Nc1 Be4 35. Ne2 Rc2 36. Kh2 a5 37. Nd4 Rxg2+ 38. Kh3 Rd2 39. Nb5 Bf5+ 40. Kh4 Rb2 41. Nd6 Rb4+ 42. Bf4 Nxf4 43. Kg3 Nxh5+ 44. Kf3 a4 45. Rc1 a3 46. Rc8+ Kh7 47. Ra8 Rb3 48. Nf7 Kg6 49. Nh8+ Kg5 50. Nf7+ Kh4 51. Ra4+ Kh3 52. Nd6 b5 53. Rd4 a2 54. Rd1 e2+ 55. Kxe2 Bg4+ 0-1

[Event "Turkish Club Cup 2019"]
[Site "Konya"]
[Date "2019.07.19"]
[Round "6"]
[White "Kucuk, Dogan"]
[Black "Karahan, Anil"]
[Result "1-0"]
[ECO "C00"]
[WhiteElo "2028"]
[BlackElo "1889"]
[Annotator "NA"]
[PlyCount "77"]
[EventDate "2019.07.16"]
[EventType "team-tourn"]
[EventCountry "TUR"]
[SourceTitle "playchess.com"]
[Source "ChessBase"]
[SourceQuality "1"]
[TimeControl "5400+30"]

1. e4 e6 2. d3 d5 3. Nd2 Nc6 4. Ngf3 e5 5. Be2 Nf6 6. O-O Bc5 7. c3 a5 8. Qc2 O-O 9. h3 Ba7 10. Re1 Nh5 11. exd5 Qxd5 12. Nf1 Nf4 13. Bxf4 exf4 14. d4 Bd7 15. Bd3 g6 16. N1d2 Rae8 17. Qb3 Rxe1+ 18. Rxe1 Qxb3 19. axb3 Re8 20. Ra1 b6 21. Bb5 Bb8 22. c4 Rd8 23. Re1 Kf8 24. Ne4 Kg7 25. Nc3 Kf8 26. Nd5 Nb4 27. Bxd7 Nxd5 28. Bb5 Nb4 29. d5 c6 30. Bxc6 Nxc6 31. dxc6 Bc7 32. Re4 f6 33. Nd4 Kf7 34. Nb5 f5 35. Re1 Rc8 36. Rd1 Ke6 37. Rd7 Be5 38. Na7 Rh8 39. Rb7 1-0

[Event "Turkish Club Cup 2019"]
[Site "Konya"]
[Date "2019.07.19"]
[Round "6"]
[White "Taskaya, Muhammed"]
[Black "Gulsoy, Mustafa Alpago"]
[Result "0-1"]
[ECO "B07"]
[WhiteElo "2011"]
[BlackElo "2069"]
[Annotator "NA"]
[PlyCount "62"]
[EventDate "2019.07.16"]
[EventType "team-tourn"]
[EventCountry "TUR"]
[SourceTitle "playchess.com"]
[Source "ChessBase"]
[SourceQuality "1"]
[TimeControl "5400+30"]

1. e4 d6 2. d4 Nf6 3. Nc3 e5 4. Nge2 Be7 5. h3 c6 6. g4 b5 7. Ng3 $14 h5 8. g5 Nh7 9. h4 g6 10. f4 exf4 11. Bxf4 O-O 12. Nxh5 b4 13. Na4 gxh5 14. Qxh5 Qa5 15. Rg1 Kh8 16. e5 Bf5 17. exd6 Bg6 18. Qe2 Bf6 19. gxf6 Nd7 20. h5 Rae8 21. Be3 Bxh5 22. Qd2 Ndxf6 23. d7 Nxd7 24. Bd3 f5 25. Kf2 Qxa4 26. Bf4 Qa5 27. Bc4 Nb6 28. Bd3 Qd5 29. Rg3 Qxd4+ 30. Kg2 Nd5 31. Bh6 Rg8 0-1

[Event "Turkish Club Cup 2019"]
[Site "Konya"]
[Date "2019.07.19"]
[Round "6"]
[White "Caputcuoglu, Zeki Berke"]
[Black "Acar, Ilhami"]
[Result "0-1"]
[ECO "D58"]
[WhiteElo "2010"]
[BlackElo "1636"]
[Annotator "NA"]
[PlyCount "134"]
[EventDate "2019.07.16"]
[EventType "team-tourn"]
[EventCountry "TUR"]
[SourceTitle "playchess.com"]
[Source "ChessBase"]
[SourceQuality "1"]
[TimeControl "5400+30"]

1. Nf3 d5 2. d4 Nf6 3. c4 e6 4. Nc3 Be7 5. Bg5 Nbd7 6. e3 $11 h6 7. Bh4 O-O 8. Bd3 dxc4 9. Bxc4 b6 10. O-O Bb7 11. Qe2 Ne4 12. Bg3 Nxg3 13. hxg3 Nf6 14. Rfd1 c6 15. e4 Qc7 16. Rac1 Rad8 17. e5 Nh7 18. Bd3 g6 19. Be4 Qb8 20. Qc2 Kg7 21. Qa4 c5 22. d5 exd5 23. Bxd5 Bg5 24. Nxg5 Nxg5 25. f4 Bxd5 26. Rxd5 Rxd5 27. Nxd5 Ne6 28. Qe4 Nd4 29. g4 Qa8 30. Re1 Rd8 31. Nf6 Qxe4 32. Nxe4 Ne6 33. g3 Rd3 34. Kf2 Nd4 35. Kg2 Nc2 36. Re2 Ne3+ 37. Kf3 Nf5+ 38. Kg2 Nd4 39. Rf2 a5 40. Nd6 a4 41. f5 g5 42. f6+ Kf8 43. Nf5 Nxf5 44. gxf5 Re3 45. Rd2 Ke8 46. Rd5 g4 47. Kf2 Re4 48. Kf1 h5 49. Kf2 Rd4 50. Rxd4 cxd4 51. Ke2 Kd7 52. e6+ fxe6 53. f7 Ke7 54. fxe6 b5 55. a3 Kf8 56. Kd3 h4 57. Ke4 hxg3 58. Kf5 Ke7 59. Kg6 g2 60. Kg7 g1=Q 61. f8=Q+ Kxe6 62. Qe8+ Kd6 63. Qxb5 Qe3 64. Qxa4 Qg5+ 65. Kf7 Qf5+ 66. Kg8 Qc8+ 67. Kg7 Qd7+ 0-1

[Event "Turkish Club Cup 2019"]
[Site "Konya"]
[Date "2019.07.19"]
[Round "6"]
[White "Guner, Bulent"]
[Black "Akcan, Umit"]
[Result "0-1"]
[ECO "E03"]
[WhiteElo "1979"]
[BlackElo "1960"]
[Annotator "NA"]
[PlyCount "78"]
[EventDate "2019.07.16"]
[EventType "team-tourn"]
[EventCountry "TUR"]
[SourceTitle "playchess.com"]
[Source "ChessBase"]
[SourceQuality "1"]
[TimeControl "5400+30"]

1. d4 d5 2. c4 e6 3. Nf3 Nf6 4. g3 dxc4 5. Qa4+ Nbd7 6. Bg2 a6 7. Qxc4 b5 8. Qc2 Bb7 9. O-O c5 10. dxc5 Bxc5 11. Bg5 Rc8 12. Qb3 O-O 13. Nc3 b4 14. Na4 Bd5 15. Qd1 Be7 16. b3 h6 17. Bf4 Ne4 18. Qd3 Ndc5 19. Nxc5 Bxc5 20. Be3 Bxe3 21. Qxe3 Nc3 22. Rfc1 Qf6 23. Ne5 Rfd8 24. Nd3 a5 25. a3 Qe7 26. axb4 axb4 27. Bxd5 Nxd5 28. Qd2 Nc3 29. f3 Qd6 30. Kf2 Qd5 31. Ra7 Qf5 32. Qe3 Nd5 33. Rxc8 Rxc8 34. Qd4 Qh3 35. Ne1 Qxh2+ 36. Ng2 Rc1 37. Ra8+ Kh7 38. Qd3+ f5 39. g4 Nf4 0-1

[Event "Turkish Club Cup 2019"]
[Site "Konya"]
[Date "2019.07.19"]
[Round "6"]
[White "Cakiroglu, Metin"]
[Black "Aslan, Dogukan"]
[Result "1/2-1/2"]
[ECO "B37"]
[WhiteElo "1970"]
[BlackElo "1806"]
[Annotator "NA"]
[PlyCount "60"]
[EventDate "2019.07.16"]
[EventType "team-tourn"]
[EventCountry "TUR"]
[SourceTitle "playchess.com"]
[Source "ChessBase"]
[SourceQuality "1"]
[TimeControl "5400+30"]

1. c4 c5 2. Nf3 Nc6 3. d4 cxd4 4. Nxd4 g6 5. Nc3 Bg7 6. Nc2 Nf6 7. e4 d6 8. Be2 O-O 9. O-O Bd7 10. Rb1 Rc8 11. Re1 a6 12. Ne3 Na7 13. Ned5 Nxd5 14. Nxd5 e6 15. Nc3 Qc7 16. Bg5 Nc6 17. Qd2 Nd4 18. Bf1 Bc6 19. Rbc1 e5 20. Nd5 Bxd5 21. cxd5 Qd7 22. Be3 Rxc1 23. Rxc1 Rc8 24. Bxd4 exd4 25. Rxc8+ Qxc8 26. Bd3 Qc7 27. Qc2 Qxc2 28. Bxc2 Kf8 29. Bd3 a5 30. Kf1 b6 1/2-1/2

[Event "Turkish Club Cup 2019"]
[Site "Konya"]
[Date "2019.07.19"]
[Round "6"]
[White "Ozturkler, Baris"]
[Black "Aysoy, Veysi"]
[Result "1/2-1/2"]
[ECO "B01"]
[WhiteElo "1966"]
[BlackElo "1881"]
[Annotator "NA"]
[PlyCount "87"]
[EventDate "2019.07.16"]
[EventType "team-tourn"]
[EventCountry "TUR"]
[SourceTitle "playchess.com"]
[Source "ChessBase"]
[SourceQuality "1"]
[TimeControl "5400+30"]

1. e4 d5 2. exd5 Nf6 3. d4 Nxd5 4. c4 Nb6 5. Nf3 g6 6. Nc3 Bg7 7. c5 Nd5 8. Bc4 Nxc3 9. bxc3 O-O 10. O-O Nc6 11. Re1 Bg4 12. Bg5 Bf6 13. Bxf6 exf6 14. h3 Bxf3 15. Qxf3 Na5 16. Bf1 Kg7 17. Rab1 Re8 18. Bb5 c6 19. Bd3 Qd7 20. g4 Rab8 21. Re3 Re6 22. Rbe1 Rbe8 23. R1e2 R8e7 24. a3 Rxe3 25. fxe3 Nb3 26. Bc4 Na5 27. Ba2 b6 28. Rf2 f5 29. gxf5 Qxf5 30. Qxf5 gxf5 31. Rxf5 Kg6 32. Bb1 Kg7 33. cxb6 axb6 34. Kf2 Nc4 35. Rf3 Ra7 36. Bd3 Nb2 37. Be4 c5 38. dxc5 bxc5 39. Rf5 Nd1+ 40. Kf3 Nxc3 41. Bc2 Ra5 42. a4 Nxa4 43. Bxa4 Rxa4 44. Rxc5 1/2-1/2

[Event "Turkish Club Cup 2019"]
[Site "Konya"]
[Date "2019.07.19"]
[Round "6"]
[White "Salman, Ilhan Serhat"]
[Black "Daghan, Devran"]
[Result "1-0"]
[ECO "A41"]
[WhiteElo "1950"]
[BlackElo "2023"]
[Annotator "NA"]
[PlyCount "54"]
[EventDate "2019.07.16"]
[EventType "team-tourn"]
[EventCountry "TUR"]
[SourceTitle "playchess.com"]
[Source "ChessBase"]
[SourceQuality "1"]
[TimeControl "5400+30"]

1. d4 g6 2. Nf3 Bg7 3. g3 d6 4. Bg2 Nd7 5. O-O e5 $11 6. dxe5 dxe5 7. Nc3 Ne7 8. e4 O-O 9. Be3 c6 10. Qd6 Re8 11. Rad1 Bf8 12. Qd2 Qc7 13. Ng5 h6 14. Nh3 Kh7 15. f4 Ng8 16. Nf2 Ndf6 17. fxe5 Qxe5 18. Nd3 Qe7 19. e5 Ng4 20. Bc5 Qc7 21. Bd4 Bg7 22. Qf4 Bf5 23. Be4 Bxe4 24. Nxe4 c5 25. Bc3 c4 26. Qxg4 cxd3 27. Rxd3 Bf8 1-0

[Event "Turkish Club Cup 2019"]
[Site "Konya"]
[Date "2019.07.19"]
[Round "6"]
[White "Celiker, Yakup"]
[Black "Cetinkaya, Vedat Ali"]
[Result "1/2-1/2"]
[ECO "A03"]
[WhiteElo "1930"]
[BlackElo "2074"]
[Annotator "NA"]
[PlyCount "60"]
[EventDate "2019.07.16"]
[EventType "team-tourn"]
[EventCountry "TUR"]
[SourceTitle "playchess.com"]
[Source "ChessBase"]
[SourceQuality "1"]
[TimeControl "5400+30"]

1. f4 d5 2. b3 Nf6 3. Bb2 c5 4. Nf3 Nc6 5. e3 Bg4 6. Be2 e6 7. O-O Be7 8. Ne5 Bxe2 9. Qxe2 Qc7 10. a4 O-O 11. d3 Rad8 12. Nd2 d4 13. Nxc6 Qxc6 14. e4 Qc7 15. Nc4 Ne8 16. f5 exf5 17. Rxf5 Nd6 18. Nxd6 Rxd6 19. Raf1 Rh6 20. g3 Rg6 21. Bc1 Bd6 22. Bf4 Re6 23. Bxd6 Qxd6 24. Qf3 f6 25. Rd5 Qe7 26. Rf5 Re8 27. g4 Re5 28. Kg2 Qf7 29. h3 Qg6 30. Qg3 h6 1/2-1/2

[Event "Turkish Club Cup 2019"]
[Site "Konya"]
[Date "2019.07.19"]
[Round "6"]
[White "Sayin, Atakan"]
[Black "Cevrin, Muhammed Cemre"]
[Result "1/2-1/2"]
[ECO "B51"]
[WhiteElo "1925"]
[BlackElo "1860"]
[Annotator "NA"]
[PlyCount "62"]
[EventDate "2019.07.16"]
[EventType "team-tourn"]
[EventCountry "TUR"]
[SourceTitle "playchess.com"]
[Source "ChessBase"]
[SourceQuality "1"]
[TimeControl "5400+30"]

1. e4 c5 2. Nf3 d6 3. Bb5+ Nd7 4. O-O a6 5. Bd3 Ngf6 6. c3 g6 7. Re1 Bg7 8. Bc2 O-O 9. d4 e5 10. dxe5 Nxe5 11. Nxe5 dxe5 12. Qxd8 Rxd8 13. Be3 b6 14. h3 Be6 15. Nd2 Ne8 16. a4 a5 17. Rad1 Rd7 18. Nf3 Rxd1 19. Rxd1 f6 20. Kf1 Kf7 21. Ke1 Ke7 22. b3 Rd8 23. Rxd8 Kxd8 24. Nd2 Nd6 25. f3 Kc7 26. Bd3 Bf8 27. Nc4 Nxc4 28. Bxc4 Bxc4 29. bxc4 Kd7 30. Ke2 Ke6 31. Kd3 Bg7 1/2-1/2

[Event "Turkish Club Cup 2019"]
[Site "Konya"]
[Date "2019.07.19"]
[Round "6"]
[White "Oz, Ozan"]
[Black "Sarikas, Ertan"]
[Result "1-0"]
[ECO "B06"]
[WhiteElo "1923"]
[BlackElo "1612"]
[Annotator "NA"]
[PlyCount "117"]
[EventDate "2019.07.16"]
[EventType "team-tourn"]
[EventCountry "TUR"]
[SourceTitle "playchess.com"]
[Source "ChessBase"]
[SourceQuality "1"]
[TimeControl "5400+30"]

1. d4 g6 2. Nc3 Bg7 3. e4 d6 4. Bf4 c5 5. d5 Qb6 6. Qc1 Nf6 7. Bb5+ Bd7 8. a4 Bxb5 9. axb5 Nbd7 10. Nge2 O-O 11. O-O a6 12. bxa6 Rxa6 13. Rb1 Ng4 14. h3 Nge5 15. Bh6 Rfa8 16. Bxg7 Kxg7 17. Qg5 Nf6 18. Ng3 e6 19. f4 h6 20. Qh4 Nc4 21. e5 Ng8 22. dxe6 fxe6 23. Qg4 Ne3 24. Qxe6 Nxf1 25. Nd5 Qd8 26. Rxf1 Qc8 27. f5 Qxe6 28. fxe6 Rf8 29. e7 Rxf1+ 30. Kxf1 Nxe7 31. Nxe7 dxe5 32. Ne4 c4 33. Nd2 Kf7 34. Nc8 b5 35. Ne4 Ra1+ 36. Ke2 Ke6 37. Kd2 Kd5 38. Nc3+ Kc5 39. Ne7 Rg1 40. g3 Rg2+ 41. Ne2 g5 42. Nf5 Rh2 43. Nxh6 Rxh3 44. Nf7 b4 45. Nxg5 Rh5 46. Ne4+ Kc6 47. Ke3 Rh8 48. g4 Kd5 49. g5 Ra8 50. c3 b3 51. N2g3 Ra2 52. g6 Ke6 53. Nh5 Ra8 54. g7 Rd8 55. Nef6 Rd3+ 56. Ke2 Rd8 57. g8=Q+ Rxg8 58. Nxg8 Kf5 59. Ke3 1-0

[Event "Turkish Club Cup 2019"]
[Site "Konya"]
[Date "2019.07.19"]
[Round "6"]
[White "Demirbas, Emre"]
[Black "Ince, Eray"]
[Result "1-0"]
[ECO "B01"]
[WhiteElo "1913"]
[BlackElo "1459"]
[Annotator "NA"]
[PlyCount "81"]
[EventDate "2019.07.16"]
[EventType "team-tourn"]
[EventCountry "TUR"]
[SourceTitle "playchess.com"]
[Source "ChessBase"]
[SourceQuality "1"]
[TimeControl "5400+30"]

1. e4 d5 2. exd5 Qxd5 3. Nc3 Qd8 4. Nf3 Nf6 5. Bc4 e6 6. O-O Bd6 7. d4 O-O 8. Bg5 c6 9. Qe2 Nbd7 10. Ne5 Qa5 11. Nxf7 Rxf7 12. Qxe6 Ne5 13. Qxd6 Nxc4 14. Qg3 Nxb2 15. Bxf6 Rxf6 16. Ne4 Re6 17. Nc5 Rg6 18. Qb3+ Kh8 19. Rfe1 Qd8 20. Qxb2 Bh3 21. g3 Qd5 22. Re4 Re6 23. c4 Qf5 24. Rf4 Qxf4 25. Nxe6 Qh6 26. Nf4 Bg4 27. Re1 Rf8 28. d5 cxd5 29. cxd5 b6 30. Qd4 Rd8 31. Ne6 Bxe6 32. dxe6 Qf6 33. e7 Re8 34. Qd7 Qg6 35. h4 Kg8 36. Re3 a6 37. Rc3 Qb1+ 38. Kh2 Qb5 39. Qe6+ Kh8 40. Rf3 Qc5 41. Qf7 1-0

[Event "Turkish Club Cup 2019"]
[Site "Konya"]
[Date "2019.07.19"]
[Round "6"]
[White "Guner, Sati Emre"]
[Black "Yasin, Hur"]
[Result "0-1"]
[ECO "C02"]
[WhiteElo "1912"]
[BlackElo "1953"]
[Annotator "NA"]
[PlyCount "59"]
[EventDate "2019.07.16"]
[EventType "team-tourn"]
[EventCountry "TUR"]
[SourceTitle "playchess.com"]
[Source "ChessBase"]
[SourceQuality "1"]
[TimeControl "5400+30"]

1. e4 e6 2. d4 d5 3. e5 c5 4. c3 Nc6 5. Nf3 Bd7 6. Be2 f6 7. O-O Qc7 8. Re1 O-O-O 9. Bf4 h6 10. c4 dxc4 11. Bxc4 cxd4 12. Nxd4 Nxd4 13. Qxd4 Bc5 14. Qc3 g5 15. Be3 Bxe3 16. Qxe3 Qxc4 17. Na3 Qa6 18. exf6 Kb8 19. Rad1 Qb6 20. Rxd7 Rxd7 21. Qe5+ Ka8 22. Nc4 Qd4 23. f7 Ne7 24. Qxe6 Nc6 25. h3 Nd8 26. Qf5 Nxf7 27. Re4 Qd5 28. Qg6 Rc8 29. b3 Nd6 30. Rg4 0-1

[Event "Turkish Club Cup 2019"]
[Site "Konya"]
[Date "2019.07.19"]
[Round "6"]
[White "Yanik, Emine"]
[Black "Simsek, Meltem"]
[Result "0-1"]
[ECO "D04"]
[WhiteElo "1911"]
[BlackElo "1684"]
[Annotator "NA"]
[PlyCount "54"]
[EventDate "2019.07.16"]
[EventType "team-tourn"]
[EventCountry "TUR"]
[SourceTitle "playchess.com"]
[Source "ChessBase"]
[SourceQuality "1"]
[TimeControl "5400+30"]

1. d4 Nf6 2. Nf3 d5 3. e3 g6 4. Bd3 Bg7 5. Nbd2 O-O 6. b3 c6 7. Bb2 Nbd7 8. O-O Re8 9. c4 e5 10. dxe5 Ng4 11. cxd5 Ndxe5 12. Nxe5 Nxe5 13. Bc2 Qxd5 14. e4 Qd6 15. Rb1 Bg4 16. f3 Be6 17. Kh1 Rad8 18. Bxe5 Bxe5 19. Nc4 Qc7 20. Qc1 Bf4 21. Qa3 b5 22. Na5 Rd2 23. Bd1 Bxh2 24. Rb2 Red8 25. Nxc6 Rxd1 26. Rb1 Rxf1+ 27. Rxf1 Qxc6 0-1

[Event "Turkish Club Cup 2019"]
[Site "Konya"]
[Date "2019.07.19"]
[Round "6"]
[White "Guder, Eyup Sabri"]
[Black "Kul, Ozdemir Efe"]
[Result "1/2-1/2"]
[ECO "E92"]
[WhiteElo "1909"]
[BlackElo "1974"]
[Annotator "NA"]
[PlyCount "67"]
[EventDate "2019.07.16"]
[EventType "team-tourn"]
[EventCountry "TUR"]
[SourceTitle "playchess.com"]
[Source "ChessBase"]
[SourceQuality "1"]
[TimeControl "5400+30"]

1. c4 Nf6 2. d4 g6 3. Nc3 Bg7 4. Nf3 d6 5. e4 O-O 6. Be2 e5 7. dxe5 dxe5 8. Qxd8 Rxd8 9. Nxe5 Nxe4 10. Nxe4 Bxe5 11. Bg5 Re8 12. Nf6+ Bxf6 13. Bxf6 Bf5 14. Rd1 Nd7 15. Bg5 Ne5 16. O-O f6 17. Be3 Ng4 18. Bxg4 Bxg4 19. Rd2 b6 20. Re1 Rad8 21. f3 Rxd2 22. Bxd2 Rxe1+ 23. Bxe1 Be6 24. b3 Kf7 25. Kf2 a6 26. Ke3 Bc8 27. g3 Ke6 28. Bc3 Bb7 29. f4 Bg2 30. a3 h5 31. h4 Bh3 32. Bb2 Bg4 33. Bc3 Bf5 34. Bb2 1/2-1/2

[Event "Turkish Club Cup 2019"]
[Site "Konya"]
[Date "2019.07.19"]
[Round "6"]
[White "Cam, Vedat"]
[Black "Gok, Emre"]
[Result "1-0"]
[ECO "E27"]
[WhiteElo "1907"]
[BlackElo "1825"]
[Annotator "NA"]
[PlyCount "145"]
[EventDate "2019.07.16"]
[EventType "team-tourn"]
[EventCountry "TUR"]
[SourceTitle "playchess.com"]
[Source "ChessBase"]
[SourceQuality "1"]
[TimeControl "5400+30"]

1. c4 e6 2. d4 Nf6 3. Nc3 Bb4 4. a3 Bxc3+ 5. bxc3 O-O 6. Bg5 h6 7. Bh4 c5 8. Bxf6 Qxf6 9. e3 b6 10. Nf3 Bb7 11. Bd3 Nc6 12. O-O d6 13. Nd2 Na5 14. Qe2 Qe7 15. e4 e5 16. Qe3 exd4 17. cxd4 Nc6 18. d5 Nd4 19. f4 Rfe8 20. Qg3 Bc8 21. Rae1 Bd7 22. Nf3 Nxf3+ 23. Qxf3 Rab8 24. e5 Qf8 25. Qe4 g6 26. e6 f5 27. Qf3 Ba4 28. g4 b5 29. gxf5 bxc4 30. Bb1 gxf5 31. Qh5 Re7 32. Kh1 Rxb1 33. Rxb1 Bc2 34. Rg1+ Rg7 35. Qf7+ Qxf7 36. exf7+ Kh7 37. f8=N+ Kh8 38. Rbe1 Be4+ 39. Rxe4 fxe4 40. Rc1 Rf7 41. Ne6 Rf5 42. Rxc4 Rxd5 43. Rxe4 Kg8 44. Ra4 Kf7 45. Nd8+ Kf6 46. Rxa7 Kf5 47. Rf7+ Ke4 48. Kg2 c4 49. Nc6 c3 50. Nb4 Rd2+ 51. Kg3 d5 52. Re7+ Kd4 53. f5 Kc4 54. f6 Rd1 55. Kf2 Rd2+ 56. Ke1 Rd4 57. f7 Rf4 58. Rc7+ Kd4 59. Rxc3 Rxf7 60. Rd3+ Kc4 61. Rxd5 Ra7 62. Rd4+ Kc3 63. Rd3+ Kc4 64. Kf2 Rg7 65. Rd6 Ra7 66. Nc2 Kc3 67. Ne1 h5 68. Kg3 Ra4 69. Rd3+ Kb2 70. h3 h4+ 71. Kf2 Rf4+ 72. Nf3 Kc2 73. Rd4 1-0

[Event "Turkish Club Cup 2019"]
[Site "Konya"]
[Date "2019.07.19"]
[Round "6"]
[White "Taskiran, Recep"]
[Black "Ersahin, Bulent"]
[Result "0-1"]
[ECO "B30"]
[WhiteElo "1898"]
[BlackElo "2179"]
[Annotator "NA"]
[PlyCount "78"]
[EventDate "2019.07.16"]
[EventType "team-tourn"]
[EventCountry "TUR"]
[SourceTitle "playchess.com"]
[Source "ChessBase"]
[SourceQuality "1"]
[TimeControl "5400+30"]

1. e4 c5 2. Nf3 Nc6 3. Bb5 e6 4. O-O Nge7 5. d4 cxd4 6. c3 a6 7. Bxc6 bxc6 8. cxd4 $11 Ng6 9. d5 cxd5 10. exd5 Be7 11. Nc3 O-O 12. d6 Bf6 13. Ne4 Bb7 14. Re1 Rc8 15. Qd3 Bxe4 16. Rxe4 Rc6 17. Rc4 Qb6 18. Rxc6 Qxc6 19. Be3 Rc8 20. Kf1 Qb7 21. Rb1 Rc6 22. b4 Rc3 23. Qe2 Qe4 24. Rd1 Qc6 25. h3 h6 26. Ne1 Be5 27. Qd2 Qc4+ 28. Qe2 Qxe2+ 29. Kxe2 Ra3 30. Rd2 Bc3 31. Rc2 Bxb4 32. Rc8+ Kh7 33. Nc2 Rxa2 34. Kd1 Bxd6 35. Rd8 Ne5 36. f4 Be7 37. Rc8 Nc6 38. Rc7 Nb4 39. Ne1 Nd5 0-1

[Event "Turkish Club Cup 2019"]
[Site "Konya"]
[Date "2019.07.19"]
[Round "6"]
[White "Aydin, Ismail"]
[Black "Ozoglu, Berker"]
[Result "1-0"]
[ECO "D02"]
[WhiteElo "1896"]
[BlackElo "1854"]
[Annotator "NA"]
[PlyCount "117"]
[EventDate "2019.07.16"]
[EventType "team-tourn"]
[EventCountry "TUR"]
[SourceTitle "playchess.com"]
[Source "ChessBase"]
[SourceQuality "1"]
[TimeControl "5400+30"]

1. d4 Nf6 2. Nf3 b6 3. Bf4 Bb7 4. e3 e6 5. Bd3 d5 6. Nbd2 c5 7. c3 Bd6 8. Bg3 Bxg3 9. hxg3 Nbd7 10. Qe2 Ne4 11. Rd1 O-O 12. Ne5 f5 13. Nxd7 Qxd7 14. Bxe4 dxe4 15. dxc5 bxc5 16. Nc4 Qc7 17. Qh5 g6 18. Qh4 Rf7 19. Qf4 Ba6 20. Qxc7 Rxc7 21. Ne5 Rb8 22. b3 Bd3 23. Nxd3 exd3 24. c4 Rd7 25. f4 e5 26. fxe5 Re8 27. Kd2 Rxe5 28. Rhe1 Re4 29. Kc3 Rg4 30. Rxd3 Rxd3+ 31. Kxd3 Rxg3 32. Re2 Kf7 33. Kd2 Kf6 34. Ke1 Rg4 35. Rd2 Re4 36. Kf2 a5 37. a4 Re7 38. Rd5 Rc7 39. Rd6+ Kg5 40. Ra6 Rb7 41. Rxa5 Rxb3 42. Rxc5 Rb4 43. a5 Kg4 44. Ke2 Ra4 45. Kd3 h5 46. Rb5 Ra1 47. c5 f4 48. exf4 Kxf4 49. Kd4 Rd1+ 50. Kc4 Ke5 51. Rb6 g5 52. a6 h4 53. Kb5 Ra1 54. Rg6 Kf5 55. Rg8 g4 56. c6 h3 57. gxh3 gxh3 58. c7 Rb1+ 59. Ka4 1-0

[Event "Turkish Club Cup 2019"]
[Site "Konya"]
[Date "2019.07.19"]
[Round "6"]
[White "Kaptan, Emre Akin"]
[Black "Kilic, Eray"]
[Result "1/2-1/2"]
[ECO "B14"]
[WhiteElo "1883"]
[BlackElo "1931"]
[Annotator "NA"]
[PlyCount "60"]
[EventDate "2019.07.16"]
[EventType "team-tourn"]
[EventCountry "TUR"]
[SourceTitle "playchess.com"]
[Source "ChessBase"]
[SourceQuality "1"]
[TimeControl "5400+30"]

1. e4 c6 2. d4 d5 3. exd5 cxd5 4. c4 e6 5. Nc3 Nf6 6. Nf3 Nc6 7. c5 Be7 8. Bb5 O-O 9. O-O Qc7 10. Bxc6 bxc6 11. b4 Rb8 12. Rb1 Ba6 13. Re1 Nd7 14. g3 Qc8 15. Bf4 Rb7 16. a4 Bc4 17. Qc2 Bf6 18. b5 cxb5 19. Nxb5 Qc6 20. Nd6 Rxb1 21. Rxb1 Qa6 22. Nb5 Rc8 23. Rb4 Be7 24. Bd6 Bf6 25. Nc7 Qc6 26. Qb1 a5 27. Rb7 Bd3 28. Qb3 Bc4 29. Qb1 Bd3 30. Qb3 Bc4 1/2-1/2

[Event "Turkish Club Cup 2019"]
[Site "Konya"]
[Date "2019.07.19"]
[Round "6"]
[White "Atas, Yunus"]
[Black "Guder, Serkan"]
[Result "1/2-1/2"]
[ECO "B13"]
[WhiteElo "1876"]
[BlackElo "1872"]
[Annotator "NA"]
[PlyCount "60"]
[EventDate "2019.07.16"]
[EventType "team-tourn"]
[EventCountry "TUR"]
[SourceTitle "playchess.com"]
[Source "ChessBase"]
[SourceQuality "1"]
[TimeControl "5400+30"]

1. e4 c6 2. d4 d5 3. exd5 cxd5 4. c4 Nf6 5. Nc3 Nc6 6. Nf3 Bg4 7. cxd5 Nxd5 8. Qb3 Bxf3 9. gxf3 e6 10. Qxb7 Nxd4 11. Bb5+ Nxb5 12. Qc6+ Ke7 13. Qxb5 Qd7 14. Qxd7+ Kxd7 15. Nxd5 exd5 16. Be3 Ke6 17. O-O-O Rc8+ 18. Kb1 Bc5 19. Rhe1 Kd6 20. Bf4+ Kc6 21. Re2 Rhd8 22. Rc1 Kb7 23. Bg5 f6 24. Rec2 Bd6 25. Rxc8 Rxc8 26. Rxc8 Kxc8 27. Be3 a6 28. h3 Kd7 29. Kc2 g6 30. Kd3 Kc6 1/2-1/2